 Dungeon Crawl Stone Soup version 0.21.1-1-g345015f (webtiles) character file.

875 nicolaieve the Cleaver (level 7, -2/57 HPs)
             Began as a Minotaur Berserker on July 24, 2018.
             Was a Priest of Trog.
             Slain by a gnoll
             ... wielding a +0 halberd
              (10 damage)
             ... on level 5 of the Dungeon.
             The game lasted 00:12:26 (2829 turns).

nicolaieve the Cleaver (Minotaur Berserker)         Turns: 2829, Time: 00:12:27

Health: -2/57      AC:  8    Str: 23    XL:     7   Next: 74%
Magic:  6/6        EV:  8    Int:  4    God:    Trog [***...]
Gold:   151        SH:  0    Dex: 10    Spells: 6/6 levels left

rFire    . . .     SeeInvis .   a - +0 hand axe
rCold    . . .     Gourm    .   (no shield)
rNeg     . . .     Faith    .   s - +0 chain mail
rPois    .         Spirit   .   (helmet restricted)
rElec    .         Reflect  .   (no cloak)
rCorr    .         Harm     .   (no gloves)
MR       ++...                  (no boots)
Stlth    ..........             (no amulet)
HPRegen  1.19/turn              (no ring)
MPRegen  0.10/turn              (no ring)

@: lethally poisoned (-2 -> -3), berserk cooldown, regenerating, slowed, very
slow
A: retaliatory headbutt, horns 2
a: Berserk, Trog's Hand, Burn Spellbooks, Renounce Religion


You were on level 5 of the Dungeon.
You worshipped Trog.
Trog was most pleased with you.
You were hungry.

You visited 1 branch of the dungeon, and saw 5 of its levels.

You collected 151 gold pieces.

Inventory:

Hand Weapons
 a - a +0 hand axe (weapon)
Armour
 s - a +0 chain mail (worn)
Jewellery
 j - an uncursed amulet of regeneration {unknown}
 l - an uncursed ring of flight {unknown}
 o - a +3 ring of dexterity {unknown}
Scrolls
 d - 9 scrolls of identify {unknown}
 f - a scroll of amnesia {unknown}
 i - a scroll of blinking {unknown}
 n - 2 scrolls of teleportation {unknown}
 p - a scroll of remove curse {unknown}
 q - a scroll of immolation {unknown}
 r - a scroll of fear {unknown}
Potions
 e - a potion of magic {unknown}
 g - 3 potions of curing {unknown}
 h - 2 potions of heal wounds {unknown}
 k - a potion of brilliance {unknown}
 m - a potion of berserk rage {unknown}
 t - a potion of cancellation {unknown}
Comestibles
 b - 2 chunks of flesh
 c - 4 rations


   Skills:
 - Level 3.6 Fighting
 + Level 11.0 Axes
 - Level 2.4 Armour
 - Level 2.1 Dodging


You had 6 spell levels left.
You didn't know any spells.

Dungeon Overview and Level Annotations

Branches:
Dungeon (5/15)
 Temple: D:4-7

Altars:
Kikubaaqudgha
Makhleb
Vehumet
Zin


Innate Abilities, Weirdness & Mutations

You reflexively headbutt those who attack you in melee.
You have a pair of horns on your head.


Message History

You feel resistant to hostile enchantments.
You feel somewhat more hungry.
You can no longer call in reinforcements.
The gnoll closely misses you.
The gnoll shaman hits you but does no damage.
The gnoll hits you but does no damage.
You are poisoned.
The gnoll hits you but does no damage. The gnoll shaman barely misses you.
You closely miss the gnoll.
You hit the gnoll shaman but do no damage.
You feel sick. The gnoll hits you but does no damage.
The gnoll closely misses you.
The gnoll shaman hits you but does no damage.
The gnoll hits you from afar with a halberd!
* * * LOW HITPOINT WARNING * * *
You closely miss the gnoll. You barely miss the gnoll shaman.
You feel the effects of Trog's Hand fading.
You feel sick. The gnoll hits you but does no damage.
The gnoll hits you from afar with a halberd!
You die...

(## #. ... #. ..
##. . $. # #..
..###. #..###.#
....# #.....#
.gg## #####.#
#gg## #..
#@.######## ####..
##......^.###....#
####...[.....####
#.....#####
##....# #....#
#....# ######


You could see a gnoll shaman and 3 gnolls.

Vanquished Creatures
  Grinder (D:5)
  2 ogres (D:4)
  A vampire bat (D:3)
  A hound (D:5)
  A jelly (D:5)
  4 orc priests
  A bullfrog skeleton (D:4)
  Terence (D:2)
  An iguana (D:3)
  A worker ant (D:4)
  2 hound skeletons (D:5)
  4 gnolls
  3 adders
  An adder skeleton (D:5)
  3 worms
  2 dart slugs
  2 leopard geckos
  6 orcs
  8 bats
  2 bat skeletons (D:3)
  4 bat zombies (D:3)
  7 giant cockroaches
  8 goblins
  6 hobgoblins (D:1)
  10 jackals
  6 kobolds
  2 quokkas (D:3)
  A ball python (D:4)
  5 frilled lizards
  7 rats
103 creatures vanquished.

Notes
Turn   | Place    | Note
-------+----------+-------------------------------------------
     0 | D:1      | nicolaieve the Minotaur Berserker began the quest for the Orb.
     0 | D:1      | Reached XP level 1. HP: 19/19 MP: 0/0
    32 | D:1      | Reached skill level 4 in Axes
    56 | D:1      | Reached XP level 2. HP: 19/26 MP: 1/1
   304 | D:1      | Reached skill level 5 in Axes
   365 | D:1      | Reached ** piety under Trog
   367 | D:1      | Reached XP level 3. HP: 27/31 MP: 2/2
   932 | D:2      | Found a glowing silver altar of Zin.
   932 | D:2      | Noticed an angel
  1048 | D:2      | Noticed Terence
  1058 | D:2      | Killed Terence
  1058 | D:2      | Reached skill level 6 in Axes
  1058 | D:2      | Reached XP level 4. HP: 29/39 MP: 3/3
  1460 | D:2      | Found a burning altar of Makhleb.
  1461 | D:2      | Found a radiant altar of Vehumet.
  1678 | D:3      | Reached XP level 5. HP: 40/45 MP: 4/4
  1690 | D:3      | Reached skill level 7 in Axes
  1749 | D:3      | Reached *** piety under Trog
  1834 | D:3      | Reached skill level 8 in Axes
  1860 | D:3      | Found an ancient bone altar of Kikubaaqudgha.
  1871 | D:3      | Reached XP level 6. HP: 28/51 MP: 5/5
  2256 | D:4      | Reached skill level 9 in Axes
  2320 | D:4      | Reached XP level 7. HP: 44/57 MP: 6/6
  2712 | D:5      | Entered Level 5 of the Dungeon
  2734 | D:5      | Reached skill level 10 in Axes
  2797 | D:5      | Noticed Grinder
  2803 | D:5      | Killed Grinder
  2803 | D:5      | Reached **** piety under Trog
  2803 | D:5      | Reached skill level 11 in Axes
  2829 | D:5      | Slain by a gnoll

Skill      XL: |  1  2  3  4  5  6  7 |
---------------+----------------------+-----
Axes           | 4 5 6 8 9 11 | 11.0
Fighting       | |  3.6
Armour         | |  2.4
Dodging        | |  2.1

Action                   |  1- 3 |  4- 6 |  7- 9 || total
-------------------------+-------+-------+-------++-------
Melee: Hand axe          |    63 |   112 |    39 ||   214
       Headbutt          |    10 |    26 |    12 ||    48
Invok: Berserk           |       |     2 |     1 ||     3
       Trog's Hand       |       |       |     1 ||     1
  Eat: Chunk             |       |     6 |     2 ||     8
Armor: Animal skin       |     3 |       |       ||     3
       Ring mail         |     8 |       |       ||     8
       Scale mail        |       |    36 |     4 ||    40
       Chain mail        |       |       |    16 ||    16
Dodge: Dodged            |    51 |    69 |    25 ||   145
